 Dungeon Crawl Stone Soup version 0.23.1-37-gaa34b87b72 (webtiles) character file.

Game seed: 14198976413594995514

149 Peloso the Covered (level 5, 0/47 HPs)
             Began as a Minotaur Fighter on Mar 27, 2019.
             Slain by a hound (1 damage)
             ... on level 4 of the Dungeon.
             The game lasted 00:03:19 (2592 turns).

Peloso the Covered (Minotaur Fighter)               Turns: 2592, Time: 00:03:19

Health: 0/47       AC:  7    Str: 26    XL:     5   Next: 9%
Magic:  4/4        EV:  8    Int:  5    God:
Gold:   130        SH: 10    Dex: 14    Spells: 4/4 levels left

rFire    . . .     SeeInvis .   a - +0 long sword
rCold    . . .     Gourm    .   c - +0 shield
rNeg     . . .     Faith    .   b - +0 scale mail
rPois    .         Spirit   .   (helmet restricted)
rElec    .         Reflect  .   (no cloak)
rCorr    .         Harm     .   (no gloves)
MR       .....                  (no boots)
Stlth    ..........             (no amulet)
HPRegen  0.15/turn              k - +4 ring of dexterity
MPRegen  0.09/turn              (no ring)

@: mighty
A: retaliatory headbutt, horns 2
a: no special abilities


You were on level 4 of the Dungeon.
You were not hungry.

You visited 1 branch of the dungeon, and saw 4 of its levels.

You collected 130 gold pieces.

Inventory:

Hand Weapons
 a - a +0 long sword (weapon)
 m - a +3 whip of flaming
Armour
 b - a +0 scale mail (worn)
 c - a +0 shield (worn)
Jewellery
 k - a +4 ring of dexterity (left hand)
 q - an uncursed amulet of rage
Scrolls
 e - a scroll of fog {unknown}
 h - a scroll of magic mapping {unknown}
 i - 2 scrolls of fear {unknown}
 j - 4 scrolls of teleportation {unknown}
 l - 3 scrolls of blinking {unknown}
 o - 2 scrolls of identify {unknown}
 t - 2 scrolls of enchant armour {unknown}
 u - a scroll of immolation {unknown}
 v - a scroll of remove curse {unknown}
Potions
 d - a potion of might
 g - 2 potions of heal wounds {unknown}
 n - a potion of haste {unknown}
 p - 3 potions of mutation {unknown}
 r - 4 potions of curing {unknown}
 s - a potion of degeneration {unknown}
Comestibles
 f - 8 rations


   Skills:
 + Level 4.4 Fighting
 + Level 4.1 Long Blades
 + Level 4.7 Armour
 + Level 0.4 Dodging
 + Level 4.5 Shields


You had 4 spell levels left.
You didn't know any spells.
Your spell library was empty.

Dungeon Overview and Level Annotations

Branches:
Dungeon (4/15)
 Temple: D:4-7

Altars:
Dithmenos
Ru
Sif Muna
Xom


Innate Abilities, Weirdness & Mutations

You reflexively headbutt those who attack you in melee.
You have a pair of horns on your head.


Message History

The hound bites you.
* * * LOW HITPOINT WARNING * * *
The quokka bites you but does no damage.
You feel very mighty all of a sudden. You block the hound's attack.
The quokka bites you.
* * * LOW HITPOINT WARNING * * *
Something hits you but does no damage.
Unknown command.
You closely miss something. The hound bites you.
* * * LOW HITPOINT WARNING * * *
You block the quokka's attack. The hound closely misses you.
You riposte.
You slash the hound!
The hound is severely wounded.
Something hits you.
* * * LOW HITPOINT WARNING * * *
The quokka closely misses you. You furiously retaliate!
You headbutt the quokka!
You kill the quokka!
The hound bites you.
You die...

#...##. #. #...#.. .##
#...#.## ..##
#..#.#%#...# #..#.##%#
.. #..รท...#.# #..
#...#..##.# ...
#....h...#r#..
#...@##..##h#
#.....##...#..
#.....##...#... [
#.........)# (? ...
#.......#..#####....
##....##.............
###...##...............
##......................
#...................####


You could see a hound.

Vanquished Creatures
  A hound (D:4)
  2 hound skeletons (D:4)
  3 adders
  An ooze (D:4)
  An adder skeleton (D:4)
  A worm (D:2)
  3 leopard geckos
  An orc (D:4)
  A ball python (D:2)
  4 bats
  4 giant cockroaches
  6 goblins
  3 hobgoblins (D:1)
  5 jackals
  3 quokkas
  A ball python skeleton (D:4)
  2 frilled lizards
  7 kobolds
  2 rats
51 creatures vanquished.

Notes
Turn   | Place    | Note
-------+----------+-------------------------------------------
     0 | D:1      | Peloso the Minotaur Fighter began the quest for the Orb.
     0 | D:1      | Reached XP level 1. HP: 19/19 MP: 0/0
   223 | D:1      | Reached XP level 2. HP: 27/27 MP: 1/1
   609 | D:2      | Found a shadowy altar of Dithmenos.
   692 | D:2      | Found a shimmering altar of Xom.
   696 | D:2      | Found a deep blue altar of Sif Muna.
   749 | D:2      | Reached XP level 3. HP: 10/33 MP: 2/2
   777 | D:2      | HP: 1/33 [poisoned by an adder]
  1671 | D:2      | Found a sacrificial altar of Ru.
  1986 | D:3      | Reached XP level 4. HP: 40/40 MP: 3/3
  2559 | D:4      | Reached XP level 5. HP: 46/47 MP: 4/4
  2591 | D:4      | HP: 1/47 [something (2)]
  2592 | D:4      | Slain by a hound

Skill      XL: |  1  2  3  4 |
---------------+-------------+-----
Armour         | 4 |  4.7
Shields        | 4 |  4.5
Fighting       | 4 |  4.4
Long Blades    | 3 4 |  4.1
Dodging        | |  0.4

Action                   |  1- 3 |  4- 6 || total
-------------------------+-------+-------++-------
Melee: Long sword        |    91 |    38 ||   129
       Headbutt          |    21 |     6 ||    27
  Use: Potion            |       |     1 ||     1
  Eat: Chunk             |     3 |     2 ||     5
Armor: Scale mail        |    28 |    31 ||    59
Dodge: Dodged            |    47 |    22 ||    69
Block: Shield            |    44 |    24 ||    68
       Rpst.: Long sword |    13 |     5 ||    18
